 Dungeon Crawl Stone Soup version 0.29.1-1-gd02db6906a (webtiles) character file.

Game seed: 8228021014336862243

36340 sokafootball the Arsonist (level 13, -9/86 HPs)
             Began as a Green Draconian Fire Elementalist on Oct 11, 2022.
             Was an Elder of Vehumet.
             Mangled by a catoblepas (13 damage)
             ... while petrified by a catoblepas
             ... on level 5 of the Lair of Beasts.
             The game lasted 01:23:23 (22961 turns).

sokafootball the Arsonist (DrFE)                   Turns: 22961, Time: 01:23:26

Health: -9/86      AC: 19    Str: 11    XL:     13   Next: 52%
Magic:  25/29      EV:  2    Int: 19    God:    Vehumet [****..]
Gold:   854        SH:  0    Dex: 13    Spells: 22/36 levels left

rFire   + . .      SeeInvis +   V - staff of fire
rCold   . . .      Faith    .   (no shield)
rNeg    + + +      Spirit   .   (body armour unavailable)
rPois   ∞          Reflect  .   U - +2 hat
rElec   .          Harm     .   q - +1 cloak
rCorr   .          Rampage  .   f - +2 pair of gloves
Will    .....                   (no boots)
Stlth   ++........              (no amulet)
HPRegen 0.24/turn               c - +4 ring of protection
MPRegen 0.21/turn               y - ring of see invisible

@: short of breath, petrified, invisible
A: breathe noxious fumes, AC +8, unfitting armour, poison resistance,
cold-blooded
a: Breathe Noxious Fumes, Renounce Religion


You were on level 5 of the Lair of Beasts.
You worshipped Vehumet.
Vehumet was greatly pleased with you.
You visited 3 branches of the dungeon, and saw 16 of its levels.

You collected 854 gold pieces.

Inventory:

Missiles
 x - 2 throwing nets
Armour
 f - a +2 pair of gloves (worn)
 n - an orb of energy
 q - a +1 cloak (worn)
 U - a +2 hat (worn)
Magical Staves
 V - a staff of fire (weapon)
Jewellery
 a - a +4 ring of protection
 c - a +4 ring of protection (left hand)
 h - an amulet of regeneration
 y - a ring of see invisible (right hand)
 G - a ring of protection from fire
 I - an amulet of the acrobat
 K - an amulet of faith
 N - a ring of protection from cold
 T - a ring of ice
Wands
 B - a wand of roots (5)
 F - a wand of paralysis (5)
 L - a wand of flame (5)
 M - a wand of polymorph (11)
Scrolls
 e - 2 scrolls of teleportation {unknown}
 g - 3 scrolls of identify
 i - a scroll of torment {unknown}
 j - 3 scrolls of immolation
 k - a scroll of enchant weapon {unknown}
 s - 3 scrolls of noise
 w - 3 scrolls of amnesia
 A - a scroll of poison
 C - a scroll of fear
 D - a scroll of brand weapon {unknown}
 J - a scroll of vulnerability {unknown}
 O - a scroll of enchant armour
 Q - a scroll of magic mapping
 R - a scroll of silence {unknown}
 S - a scroll of summoning {unknown}
Potions
 b - 2 potions of invisibility
 d - 3 potions of mutation
 l - 3 potions of heal wounds
 m - 4 potions of curing
 o - 3 potions of berserk rage
 p - 3 potions of resistance
 r - 4 potions of cancellation
 t - a potion of degeneration
 u - 2 potions of attraction
 v - 4 potions of flight {unknown}
 z - 3 potions of brilliance
 E - 2 potions of might
 H - 2 potions of lignification {unknown}
Miscellaneous
 P - a lightning rod (4/4)


   Skills:
 - Level 1.9 Dodging
 - Level 1.9 Stealth
 + Level 12.2 Spellcasting
 + Level 13.0 Conjurations
 + Level 4.0 Summonings
 + Level 3.8 Translocations
 + Level 13.3 Fire Magic
 + Level 3.9 Evocations


You had 22 spell levels left.
You knew the following spells:

 Your Spells              Type           Power      Damage    Failure   Level
a - Foxfire               Conj/Fire      100%       2x1d9     1%          1
b - Scorch                Fire           100%       2d10      1%          2
c - Conjure Flame         Conj/Fire      75%        6-21      1%          3
d - Flame Wave            Conj/Fire      75%        2d17      1%          4
e - Blink                 Tloc           52%        N/A       1%          2
f - Call Imp              Summ           27%        N/A       1%          2

Your spell library contained the following spells:

 Spells                   Type           Power      Damage    Failure   Level
 Fireball                 Conj/Fire      37%        3d15      1%          5
 Magic Dart               Conj           100%       1d8       1%          1
 Shock                    Conj/Air       100%       1d9       1%          1
 Inner Flame              Hex/Fire       53%        N/A       1%          3
 Mephitic Cloud           Conj/Pois/Air  28%        N/A       1%          3
 Poisonous Vapours        Pois/Air       22%        N/A       2%          2
 Sting                    Tmut/Pois      44%        1d5       6%          1
 Airstrike                Air            5%         2d(1-17)  16%         4
 Olgreb's Toxic Radiance  Pois           11%        N/A       16%         4
 Swiftness                Air            11%        N/A       19%         3
 Manifold Assault         Tloc           26%        N/A       32%         5
 Fire Storm               Conj/Fire      37%        8d10      99%         9
 Storm Form               Tmut/Air       5%         N/A       100%        7
 Chain Lightning          Conj/Air       18%        3d24      100%        9
 Shatter                  Erth           5%         3d8*      100%        9


Dungeon Overview and Level Annotations

Branches:
Dungeon (10/15)            Temple (1/1) D:6            Lair (5/5) D:10
 Shoals (0/4) Lair:2        Snake (0/4) Lair:2        Slime (0/5) Lair:5
    Orc: D:9-12

Altars:
Ashenzari
Cheibriados
Fedhas
Gozag
Kikubaaqudgha
Makhleb
Nemelex Xobeh
Okawaru
Qazlal
Trog
Uskayaw
Vehumet
Yredelemnul
Zin
The Shining One
Jiyva

Shops:
D:6 (   D:7 *

Annotations:
D:9 Urug


Innate Abilities, Weirdness & Mutations

You can breathe blasts of noxious fumes.
Your lurid green scales are hard. (AC +8)
You cannot fit into any form of body armour.
Your system is resistant to poisons. (rPois)
You are cold-blooded and may be slowed by cold attacks.


Message History

You are engulfed in calcifying dust.
You are slowing down.
The death yak seems less confused.
The plant is engulfed in calcifying dust.
The death yak is engulfed in noxious fumes.
The death yak appears confused.
The death yak gores you!!
The death yak gores you but does no damage.
As you read the scroll labelled GIATEO FEHA, it crumbles to dust.
You feel aware of your surroundings.
It was a scroll of magic mapping.
You are engulfed in calcifying dust.
Your limbs have turned to stone.
The plant is engulfed in calcifying dust.
The plant turns to stone!
The death yak is engulfed in noxious fumes.
The death yak gores you!
The death yak gores you but does no damage.
You have turned to stone.
You are engulfed in calcifying dust.
The plant is engulfed in calcifying dust.
The elephant tramples the plant!
The elephant trunk-slaps the plant.
The death yak gores you! The death yak completely misses you.
A deep troll shaman comes into view.
The catoblepas gores you!
* * * LOW HITPOINT WARNING * * *
The death yak gores you.
* * * LOW HITPOINT WARNING * * *
You are engulfed in calcifying dust.
The plant is engulfed in calcifying dust.
The death yak barely misses you.
The death yak gores you but does no damage.
The catoblepas gores you!
* * * LOW HITPOINT WARNING * * *
The death yak gores you!
* * * LOW HITPOINT WARNING * * *
The death yak seems to regain its courage.
The plant is engulfed in calcifying dust.
A nearby plant withers and dies.
The death yak gores you!
* * * LOW HITPOINT WARNING * * *
The death yak gores you but does no damage. x2
The catoblepas gores you!!
You die...

*,,,*,,,****,8,#.....###
#..,*....##...,#.....#
#P.,*....#..8,##.÷..##
*#..*#.T...÷,,#....##
*#Y.#..Y..,###...##
*#.#÷...###.....#
##...÷.##......##
#.PYYY##......##
#...Y@Y.....###
##..§######## #.##* #**


You could see 5 death yaks, a catoblepas (unable to see you), an elephant
(unable to see you) and a deep troll shaman.

Vanquished Creatures
  6 hydras
  Erica (Lair:1)
  2 two-headed ogres
  A death yak (Lair:2)
  Pikel (D:7)
  Maurice (D:8)
  7 elephants (Lair:5)
  Joseph (D:8)
  3 black mambas
  13 cane toads
  7 komodo dragons
  3 rime drakes
  2 tengu conjurers (D:8)
  A hornet (D:9)
  3 polar bears
  21 blink frogs
  4 dream sheep (Lair:5)
  2 wraiths
  A shadow (D:10)
  4 wyverns
  Grum (D:8)
  34 yaks
  6 vampire mosquitoes
  A steam dragon (D:10)
  3 wargs (D:10)
  3 nagas (Lair:2)
  15 water moccasins
  3 black bears
  2 sky beasts (D:7)
  2 ice beasts
  4 lemures
  A centaur (D:6)
  19 wolves
  2 kobold brigands
  9 bullfrogs
  2 gnoll sergeants
  8 wights (D:8)
  3 howler monkeys
  4 orc priests
  6 hounds
  A gnoll bouda (D:4)
  8 jellies
  3 iguanas
  5 orc wizards
  22 gnolls
  4 adders
  3 shadow imps
  3 white imps
  3 worms
  2 dart slugs (D:1)
  13 orcs
  A bat (D:1)
  7 endoplasms
  2 giant cockroaches (D:2)
  3 goblins
  8 hobgoblins
  9 jackals
  16 kobolds
  A quokka (D:1)
  4 ball pythons
  3 frilled lizards
  3 rats
  2 bushes (Lair:5)
338 creatures vanquished.

Vanquished Creatures (collateral kills)
  24 foxfires
24 creatures vanquished.

Vanquished Creatures (others)
  1188 foxfires
  63 fungi
  86 plants
1337 creatures vanquished.

Grand Total: 1699 creatures vanquished

Notes
Turn   | Place    | Note
-------+----------+-------------------------------------------
     0 | D:1      | sokafootball the Draconian Fire Elementalist began the
                  | quest for the Orb.
     0 | D:1      | Reached XP level 1. HP: 14/14 MP: 3/3
   498 | D:1      | Reached XP level 2. HP: 20/20 MP: 0/5
   554 | D:1      | Learned a level 2 spell: Scorch
  1412 | D:1      | Found a faded altar of an unknown god.
  1435 | D:1      | Reached XP level 3. HP: 26/26 MP: 2/6
  2684 | D:2      | Reached XP level 4. HP: 33/33 MP: 5/8
  3579 | D:3      | You fall into a shaft and drop 2 floors!
  3579 | D:5      | Entered Level 5 of the Dungeon
  3760 | D:5      | Reached XP level 5. HP: 38/38 MP: 4/9
  3968 | D:5      | Noticed an ice beast
  4301 | D:6      | Reached XP level 6. HP: 45/45 MP: 4/11
  4604 | D:6      | Learned a level 3 spell: Conjure Flame
  4664 | D:6      | Found a staircase to the Ecumenical Temple.
  4671 | D:6      | Noticed an ice beast
  4695 | D:6      | Killed an ice beast
  4816 | D:6      | Reached skill level 5 in Fire Magic
  4959 | D:6      | Your scales start taking on a lurid green colour.
  4959 | D:6      | Reached XP level 7. HP: 50/50 MP: 9/13
  4959 | D:6      | Gained mutation: Your system is resistant to poisons.
                  | (rPois) [Green Draconian growth]
  5188 | D:6      | Found a glowing golden altar of the Shining One.
  5470 | D:6      | Found Loluitsina's Weapon Emporium.
  6087 | Temple   | Entered the Ecumenical Temple
  6228 | Temple   | Became a worshipper of Vehumet
  6450 | D:7      | Found a sparkling altar of Nemelex Xobeh.
  6453 | D:7      | Found a snail-covered altar of Cheibriados.
  6750 | D:7      | Found a stormy altar of Qazlal.
  6789 | D:7      | Found an ancient bone altar of Kikubaaqudgha.
  6816 | D:7      | Reached skill level 5 in Spellcasting
  6889 | D:7      | Reached skill level 5 in Conjurations
  6997 | D:7      | Reached XP level 8. HP: 57/57 MP: 8/15
  7431 | D:7      | Found a hide-covered altar of Uskayaw.
  8064 | D:7      | Found Ylit's Serpentskin Sales.
  8236 | D:8      | Noticed Grum
  8465 | D:7      | Reached * piety under Vehumet
  8465 | D:7      | Offered knowledge of Freeze by Vehumet.
  8686 | D:8      | Noticed Joseph
  8699 | D:8      | Noticed Pikel
  8857 | D:8      | Killed Grum
  8858 | D:8      | Reached XP level 9. HP: 45/62 MP: 12/18
  9156 | D:8      | Killed Joseph
  9809 | D:8      | Noticed a two-headed ogre
  9897 | D:7      | Learned a level 4 spell: Flame Wave
  9944 | D:7      | Killed Pikel
 10179 | D:8      | Killed a two-headed ogre
 10180 | D:8      | Reached XP level 10. HP: 69/69 MP: 8/22
 10345 | D:8      | Noticed Maurice
 10356 | D:8      | Killed Maurice
 10970 | D:8      | Found the +0 staff of Battle
 11466 | D:9      | Found an opulent altar of Gozag.
 11838 | D:9      | Noticed a two-headed ogre
 11855 | D:9      | Offered knowledge of Shock by Vehumet.
 11856 | D:9      | Reached ** piety under Vehumet
 12178 | D:9      | Killed a two-headed ogre
 12179 | D:9      | Reached skill level 10 in Fire Magic
 12558 | D:10     | Entered Level 10 of the Dungeon
 12821 | D:10     | Found a staircase to the Lair.
 12851 | D:10     | Noticed a two-headed ogre
 13130 | D:10     | Reached XP level 11. HP: 66/74 MP: 16/24
 13135 | D:10     | Reached skill level 10 in Conjurations
 13138 | D:10     | Noticed Urug
 13929 | D:10     | Found a basalt altar of Yredelemnul.
 14359 | Lair:1   | Entered Level 1 of the Lair of Beasts
 14414 | Lair:1   | Noticed Erica
 14423 | Lair:1   | Killed Erica
 14677 | Lair:1   | Noticed an eight-headed hydra
 14696 | Lair:1   | Killed an eight-headed hydra
 14898 | Lair:1   | Reached skill level 10 in Spellcasting
 15357 | Lair:1   | Noticed a five-headed hydra
 15370 | Lair:1   | Killed a five-headed hydra
 16331 | Lair:2   | Offered knowledge of Ignite Poison by Vehumet.
 16642 | Lair:2   | Reached *** piety under Vehumet
 16643 | Lair:2   | Reached XP level 12. HP: 80/81 MP: 16/26
 16919 | Lair:2   | Found a staircase to the Snake Pit.
 17141 | Lair:2   | Found a staircase to the Shoals.
 17328 | Lair:3   | Noticed an eight-headed hydra
 17339 | Lair:3   | Killed an eight-headed hydra
 17478 | Lair:3   | Noticed a death yak
 17478 | Lair:3   | Noticed a death yak
 17907 | Lair:3   | Identified the +2 chain mail of Pleasant Breezes {+Inv
                  | Str+2 Int+2}
 18237 | Lair:3   | Noticed a death yak
 18341 | Lair:2   | Killed a death yak
 19186 | Lair:4   | Noticed a five-headed hydra
 19198 | Lair:4   | Killed a five-headed hydra
 19273 | Lair:4   | Offered knowledge of Stone Arrow by Vehumet.
 19398 | Lair:4   | Learned a level 2 spell: Blink
 19401 | Lair:4   | Learned a level 2 spell: Call Imp
 19553 | Lair:4   | Reached skill level 1 in Summonings
 19553 | Lair:4   | Reached skill level 1 in Translocations
 19553 | Lair:4   | Reached skill level 1 in Evocations
 20423 | Lair:5   | Entered Level 5 of the Lair of Beasts
 20423 | Lair:5   | Noticed an eight-headed hydra
 20475 | Lair:5   | Noticed a four-headed hydra
 20492 | Lair:5   | Killed a four-headed hydra
 20504 | Lair:4   | Reached **** piety under Vehumet
 20505 | Lair:4   | Reached XP level 13. HP: 47/86 MP: 2/28
 20963 | Lair:5   | Offered knowledge of Fireball by Vehumet.
 21711 | Lair:5   | Found a staircase to the Slime Pits.
 21711 | Lair:5   | Found a viscous altar of Jiyva.
 22961 | Lair:5   | HP: 4/86 [death yak (3)]
 22961 | Lair:5   | Mangled by a catoblepas

Illustrated notes

Levels and vault maps discovered:
D:1:      spicycebolla_green_bress_n_ham_2, layout_loops_corners,
          hellmonk_ecumenical_altar_zigzags
D:2:      layout_loops_ring, nicolae_grassy_gnolls
D:3:      layout_basic, minmay_hedge_maze, uniq_natasha
D:4:      layout_rooms, nicolae_ossuary_entry_false_entrances,
          kennysheep_generic_room_16
D:5:      layout_loops_cross, minmay_overflow_temple_star_quad,
          portal_sewer_entry_d
D:6:      layout_basic, nicolae_overflow_crystal_walls,
          minmay_temple_entry_ruins, serial_shops,
          nicolae_shop_bloodbath_and_beyond, hangedman_abyss_or_decor_stagger,
          minmay_misc_feat_nine_boxes
D:7:      layout_rooms, overflow_temple_1_default, nicolae_uskayaw_dance_hall,
          grunt_temple_overflow_open, serial_co_window_serial,
          co_window_paths_a, co_window_of_opportunity_a, co_window_corner_a,
          co_window_paths_a, co_window_of_opportunity_a, co_window_paths_a,
          co_window_corner_a, co_window_of_opportunity_b, co_window_2corner,
          co_window_unsneaky_path_d, co_window_corner_ca, co_window_broadway_a,
          co_window_paths_e, glass_columns_b, guppyfry_shop_venom
D:8:      layout_cave_pods, grunt_ministairs_15,
          hellmonk_guarded_unrand_staff_of_battle, uniq_joseph, uniq_grum,
          uniq_pikel, uniq_maurice
D:9:      layout_rooms, mainiacjoe_overflow_tiny_flanked,
          nicolae_overflow_hidden_temple
D:10:     layout_basic, mainiacjoe_overflow_six_doors_small,
          erik_lair_orcish_takeover, minivault_19, uniq_urug
Temple:   dpeg_chambers_temple
Lair:1:   cheibrodos_lair_river_kwai, layout_cave_pods, grunt_megastairs_2,
          infiniplex_staircase_pool, uniq_erica
Lair:2:   layout_roguey, elwin_shoals_entry_rooms, guppyfry_snake_entry_garden,
          nicolae_volcano_entry_two_sided
Lair:3:   layout_regular_city
Lair:4:   layout_roguey, gauntlet_entry_generic, chequers_serial_rivers_room_a,
          cheibrodos_lair_caveside_slide, st_stairs_7, minivault_25,
          minivault_24, minivault_24, hibernation_bobbens, lemuel_fruit_tree
Lair:5:   grunt_lair_end_beastmaster, layout_loops_ring,
          nicolae_slime_entry_slimehenge, serial_bayou_shore_b

Skill      XL: |  1  2  3  4  5  6  7  8  9 10 11 12 13 |
---------------+----------------------------------------+-----
Conjurations   | 2 3 4 5 6 8 9 11 12 13 | 13.0
Spellcasting   | 3 4 5 6 8 9 10 11 12 | 12.2
Fire Magic     | 4 5 6 7 9 10 11 13 | 13.3
Summonings     | 2 4 |  4.0
Translocations | 2 3 |  3.8
Evocations     | 2 3 |  3.9
Dodging        | |  1.9
Stealth        | |  1.9

Action                   |  1- 3 |  4- 6 |  7- 9 | 10-12 | 13-15 || total
-------------------------+-------+-------+-------+-------+-------++-------
Melee: Unarmed           |     8 |     6 |     7 |     2 |       ||    23
       Tailslap          |       |       |       |     1 |       ||     1
 Cast: Foxfire           |    80 |    61 |   158 |   300 |   106 ||   705
       Scorch            |    11 |    32 |    74 |   193 |    73 ||   383
       Conjure Flame     |       |       |    16 |    13 |     4 ||    33
       Flame Wave        |       |       |     1 |    31 |    16 ||    48
       Blink             |       |       |       |     7 |     7 ||    14
       Call Imp          |       |       |       |     6 |     3 ||     9
 Abil: Breathe Noxious F |       |       |     5 |     1 |     2 ||     8
Evoke: Wand              |       |       |       |     3 |       ||     3
  Use: Potion            |       |     2 |       |     2 |     2 ||     6
       Scroll            |       |       |    11 |     8 |     4 ||    23
Armor: Skin              |     4 |    12 |    36 |    96 |    59 ||   207
Dodge: Dodged            |    22 |    24 |    63 |   144 |    49 ||   302
